 Dungeon Crawl Stone Soup version 0.23-b1-6-ga921848 (webtiles) character file.

Game seed: 12313385877538877577

2317 HoaS the Grappler (level 9, -1/56 HPs)
             Began as a Gargoyle Berserker on Feb 2, 2019.
             Was an Elder of Trog.
             Slain by a troll (4 damage)
             ... on level 7 of the Dungeon.
             The game lasted 00:17:35 (7417 turns).

HoaS the Grappler (Gargoyle Berserker)              Turns: 7417, Time: 00:17:36

Health: -1/56      AC: 17    Str: 22    XL:     9   Next: 41%
Magic:  9/9        EV: 10    Int:  7    God:    Trog [****..]
Gold:   0          SH:  0    Dex: 12    Spells: 8/8 levels left

rFire    + . .     SeeInvis .     - Unarmed
rCold    . . .     Gourm    .   (no shield)
rNeg     + + .     Faith    .   c - +0 chain mail
rPois    ∞         Spirit   .   (no helmet)
rElec    +         Reflect  .   A - +0 cloak
rCorr    .         Harm     .   (no gloves)
MR       .....                  (no boots)
Stlth    ..........             (no amulet)
HPRegen  0.18/turn              k - ring of positive energy
MPRegen  0.11/turn              n - ring of protection from fire

@: no status effects
A: negative energy resistance 1, electricity resistance, unbreathing,
petrification resistance, rot immunity, AC +6
a: Berserk, Trog's Hand, Brothers in Arms, Renounce Religion


You were on level 7 of the Dungeon.
You worshipped Trog.
Trog was greatly pleased with you.
You were near starving.

You visited 1 branch of the dungeon, and saw 8 of its levels.

You collected 351 gold pieces.
You spent 351 gold pieces at shops.

Inventory:

Armour
 c - a +0 chain mail (worn)
 A - a +0 cloak (worn)
Jewellery
 k - a ring of positive energy (left hand)
 n - a ring of protection from fire (right hand)
 w - an uncursed ring of protection from fire
Wands
 m - a wand of scattershot (2)
 q - a wand of iceblast (8)
 t - a wand of polymorph (9)
 y - a wand of clouds (4)
Scrolls
 a - a scroll of identify
 d - 2 scrolls of remove curse
 o - a scroll of fog
 p - 2 scrolls of teleportation
 u - a scroll of magic mapping
Potions
 e - 3 potions of might
 f - 4 potions of agility
 g - 4 potions of berserk rage
 h - 4 potions of heal wounds
 i - 3 potions of mutation
 j - a potion of magic {unknown}
 l - a potion of brilliance {unknown}
 r - 4 potions of curing
 s - a potion of ambrosia {unknown}
 v - a potion of lignification {unknown}
 x - 2 potions of haste
 z - a potion of flight {unknown}
 B - a potion of cancellation {unknown}
Comestibles
 b - 13 rations


   Skills:
 + Level 6.8 Fighting
 + Level 6.3 Armour
 + Level 4.8 Dodging
 * Level 8.4 Unarmed Combat


You had 8 spell levels left.
You didn't know any spells.
Your spell library was empty.

Dungeon Overview and Level Annotations

Branches:
Dungeon (8/15)             Temple (0/1) D:4
   Lair: D:8-11

Altars:
Nemelex Xobeh
Xom

Shops:
D:7 *   D:8 !


Innate Abilities, Weirdness & Mutations

You are resistant to torment.
Your stone body is resilient. (AC +6)
You are immune to poison.
You resist negative energy. (rN+)
You are resistant to electric shocks. (rElec)
You can survive without breathing.
You are immune to petrification.
You are immune to rotting.


Message History

You resist. The bolt of electricity hits you.
You are too injured to fight recklessly!
There is a stone staircase leading up here.
The troll bites you!
The troll claws you but does no damage. x2
You climb upwards.
You are near starving!
There is a stone staircase leading down here.
You're too hungry.
Your chain mail prevents you from hitting the troll.
Your punch misses the troll. The troll bites you.
* * * LOW HITPOINT WARNING * * *
The troll claws you.
* * * LOW HITPOINT WARNING * * *
The troll claws you but does no damage.
You punch the troll!
The troll is lightly wounded.
The troll bites you.
* * * LOW HITPOINT WARNING * * *
The troll misses you. The troll claws you.
You die...

........#..........#....#########
.8.8....#..........#.....#.......
⌠.⌠.....#..........#.....#.......
.∩.8....#..........+.....#.......
⌠.⌠..####.....##+###...###..#####
.8.8....#....##...##...###..#..(.
........#...##.....##...#...#....
........#...#..#.#.##...#...#....
........#...'...@T..+...#...#....
........#...#..#.#..#...#...#....
.##.....#...##......#...'...#....
.##.....#..(.##...##....#...#....
........#.....##'###....#...#....
.#####'##.....#...###########....
.##.....#.....#...##...##..#.....
.#......'.....#............#.....
.#......#.....#............#.....


You could see a troll.

Vanquished Creatures
  Sigmund (D:5)
  A wyvern (D:7)
  A sky beast (D:6)
  2 ice beasts
  An orc warrior (D:6)
  6 ogres
  A centaur (D:6)
  Blork the orc (D:5)
  A wyvern zombie (D:7)
  A scorpion (D:5)
  A killer bee (D:7)
  A wight (D:7)
  2 electric eels (D:7)
  A howler monkey (D:6)
  A bullfrog zombie (D:6)
  A gnoll shaman (D:3)
  An orc priest (D:6)
  A hound (D:7)
  3 orc wizards
  A bullfrog skeleton (D:4)
  Ijyb (D:5)
  2 worker ants
  A worker ant zombie (D:7)
  12 gnolls
  10 adders
  A shadow imp (D:7)
  2 adder zombies
  An adder skeleton (D:7)
  2 dart slugs
  4 worms
  7 leopard geckos
  14 orcs
  2 ball pythons
  7 bats
  9 giant cockroaches
  15 hobgoblins
  9 jackals
  3 quokkas
  4 frilled lizards
  11 goblins
  14 kobolds
  10 rats
170 creatures vanquished.

Notes
Turn   | Place    | Note
-------+----------+-------------------------------------------
     0 | D:1      | HoaS the Gargoyle Berserker began the quest for the Orb.
     0 | D:1      | Reached XP level 1. HP: 14/14 MP: 1/1
    50 | D:1      | Reached XP level 2. HP: 13/19 MP: 2/2
   479 | D:1      | Reached XP level 3. HP: 20/23 MP: 3/3
   545 | D:1      | Reached ** piety under Trog
   860 | D:2      | Reached XP level 4. HP: 29/29 MP: 4/4
  1407 | D:2      | Reached skill level 4 in Unarmed Combat
  1454 | D:2      | Reached *** piety under Trog
  1533 | D:2      | Reached XP level 5. HP: 14/33 MP: 5/5
  1727 | D:2      | Found a sparkling altar of Nemelex Xobeh.
  2436 | D:3      | Reached XP level 6. HP: 33/39 MP: 6/6
  2888 | D:3      | Reached **** piety under Trog
  2953 | D:3      | Reached skill level 5 in Unarmed Combat
  3128 | D:3      | HP: 1/58 [ogre/+0 giant spiked club (18)]
  3130 | D:3      | Reached XP level 7. HP: 1/44 MP: 7/7
  3545 | D:4      | Found a staircase to the Ecumenical Temple.
  3644 | D:4      | Received a gift from Trog
  3780 | D:4      | Reached skill level 5 in Fighting
  4193 | D:5      | Entered Level 5 of the Dungeon
  4476 | D:5      | Found a shimmering altar of Xom.
  4476 | D:5      | Found a shimmering altar of Xom.
  4477 | D:5      | Found a shimmering altar of Xom.
  4523 | D:5      | Reached skill level 6 in Unarmed Combat
  4769 | D:5      | Noticed Ijyb
  4779 | D:5      | Killed Ijyb
  4779 | D:5      | Reached XP level 8. HP: 49/49 MP: 8/8
  4783 | D:5      | Noticed Sigmund
  4800 | D:5      | Killed Sigmund
  4800 | D:5      | Reached skill level 5 in Armour
  5218 | D:5      | Noticed Blork the orc
  5228 | D:5      | Killed Blork the orc
  5430 | D:6      | Reached skill level 7 in Unarmed Combat
  6062 | D:6      | Reached XP level 9. HP: 55/55 MP: 9/9
  6475 | D:7      | Reached skill level 8 in Unarmed Combat
  6879 | D:7      | Found Ciabacw's Assorted Antiques.
  7363 | D:8      | Found Pomaarch's Distillery.
  7371 | D:8      | Bought a potion of haste for 130 gold pieces
  7371 | D:8      | Bought a potion of curing for 39 gold pieces
  7371 | D:8      | Bought a potion of might for 52 gold pieces
  7371 | D:8      | Bought a potion of haste for 130 gold pieces
  7401 | D:8      | Noticed a troll
  7417 | D:7      | Slain by a troll

Skill      XL: |  1  2  3  4  5  6  7  8  9 |
---------------+----------------------------+-----
Dodging        | 2 3 4 |  4.8
Armour         | 3 4 5 6 |  6.3
Unarmed Combat | 4 5 6 7 8 |  8.4
Fighting       | 4 5 6 |  6.8

Action                   |  1- 3 |  4- 6 |  7- 9 || total
-------------------------+-------+-------+-------++-------
Melee: Unarmed           |   145 |   366 |   333 ||   844
       Punch             |     3 |     4 |     5 ||    12
Invok: Berserk           |       |     1 |     4 ||     5
       Trog's Hand       |       |       |     2 ||     2
  Use: Scroll            |     3 |     8 |     6 ||    17
  Eat: Chunk             |       |     8 |    11 ||    19
       Ration            |       |       |     2 ||     2
Armor: Animal skin       |    15 |       |       ||    15
       Ring mail         |    41 |    78 |       ||   119
       Chain mail        |       |   138 |   168 ||   306
Dodge: Dodged            |    71 |   146 |   146 ||   363
